 Dungeon Crawl Stone Soup version 0.20-a0-11-ga97c7b5 (webtiles) character file.

6848 GsBirdie the Severer (level 10, -6/80 HPs)
             Began as a Minotaur Berserker on Nov 2, 2016.
             Was an Elder of Trog.
             Mangled by an orc warrior
             ... wielding a +0 short sword
              (16 damage)
             ... on level 9 of the Dungeon.
             The game lasted 00:26:39 (9753 turns).

GsBirdie the Severer (Minotaur Berserker)           Turns: 9753, Time: 00:26:40

Health: -6/80      AC: 12    Str: 23    XL:     10   Next: 78%
Magic:  12/12      EV:  9    Int:  9    God:    Trog [****..]
Gold:   430        SH:  0    Dex: 12    Spells: 0 memorised, 9 levels left

rFire  . . .     SeeInvis +     a - +0 hand axe
rCold  . . .     Gourm    .     d - +1 chain mail {rPois}
rNeg   . . .     Faith    .     (no shield)
rPois  +         Spirit   .     (helmet restricted)
rElec  .         Reflect  .     (no cloak)
rCorr  .         Harm     .     (no gloves)
MR     .....                    f - +0 pair of boots
Stlth  ..........               (no amulet)
                                e - +5 ring of intelligence
                                g - ring of see invisible

@: exhausted, very slightly contaminated, starving, invisible
A: retaliatory headbutt, horns 2
a: Berserk, Trog's Hand, Brothers in Arms, Burn Spellbooks, Renounce Religion


You were on level 9 of the Dungeon.
You worshipped Trog.
Trog was greatly pleased with you.
You were starving.

You visited 1 branch of the dungeon, and saw 9 of its levels.

You collected 592 gold pieces.
You spent 162 gold pieces at shops.

Inventory:

Hand Weapons
 a - a +0 hand axe (weapon)
 b - a +0 blowgun
 W - a +0 battleaxe
Missiles
 y - 3 javelins of penetration (quivered)
 K - 21 poisoned needles
 U - 3 needles of confusion
Armour
 d - a +1 chain mail of poison resistance (worn)
 f - a +0 pair of boots (worn)
 q - a +1 chain mail of magic resistance
Jewellery
 e - a +5 ring of intelligence (right hand)
 g - a ring of see invisible (left hand)
 j - an uncursed ring of stealth
Wands
 p - a wand of flame (39/48)
 r - a wand of random effects (31/48)
 C - a wand of lightning (7/15)
 M - a wand of flame (27/48)
 Q - a wand of acid (7/15)
 S - a wand of disintegration (4/24)
 V - a wand of iceblast (5/15)
Scrolls
 h - a scroll of enchant weapon {unknown}
 i - 3 scrolls of remove curse
 m - 5 scrolls of teleportation
 t - 2 scrolls of magic mapping {unknown}
 B - 2 scrolls of recharging {unknown}
 D - a scroll of immolation {unknown}
 H - 2 scrolls of enchant armour {unknown}
 I - 2 scrolls of fear {unknown}
Potions
 k - a potion of mutation {unknown}
 l - a potion of flight {unknown}
 n - 2 potions of invisibility
 w - 3 potions of degeneration {unknown}
 z - a potion of agility {unknown}
 A - a potion of lignification {unknown}
 E - a potion of berserk rage {unknown}
 F - 2 potions of brilliance {unknown}
 G - a potion of resistance {unknown}
 N - 2 potions of magic {unknown}
 O - a potion of cure mutation {unknown}
 P - a potion of might {unknown}
Books
 x - a book of Minor Magic

   Spells                             Type                      Level
   a - Magic Dart                     Conjuration                  1
   b - Blink                          Translocation                2
   c - Call Imp                       Summoning                    2
   d - Repel Missiles                 Charms/Air                   2
   e - Slow                           Hexes                        2
   f - Conjure Flame                  Conjuration/Fire             3
   g - Mephitic Cloud                 Conjuration/Poison/Air       3
   Trog disapproves of the use of such an item.
Comestibles
 c - a bread ration
 o - 10 beef jerkies
 s - 5 fruits
 u - 3 slices of pizza
 L - a meat ration
 R - 9 royal jellies


   Skills:
 + Level 4.8 Fighting
 * Level 15.6 Axes
 - Level 5.6 Throwing
 - Level 5.0 Armour
 - Level 2.1 Dodging
 - Level 5.2 Evocations


You had 9 spell levels left.
You didn't know any spells.

Dungeon Overview and Level Annotations

Branches:
Dungeon (9/15)             Temple (0/1) D:4
   Lair: D:8-11         Orc: D:9-12

Altars:
Elyvilon
Hepliaklqana
Nemelex Xobeh
Ru
Sif Muna
Uskayaw
Yredelemnul
Zin

Shops:
D:6 %?


Innate Abilities, Weirdness & Mutations

You reflexively headbutt those who attack you in melee.
You have a pair of horns on your head.


Message History

The orc warrior is moderately wounded.
You hit the orc but do no damage.
The orc shouts!
The orc warrior hits you with a short sword.
* * * LOW HITPOINT WARNING * * *
The orc hits you but does no damage.
Your two-headed ogre goes berserk!
You are starving!
The orc shouts!
The orc warrior closely misses you.
An orc warrior comes into view. It is wielding a mace.
The orc shouts!
You feel better.
The orc warrior shouts!
The orc shouts!
Your two-headed ogre closely misses the orc.
Your two-headed ogre hits the orc with a giant club!
The orc dies!
Trog accepts your kill.
The orc warrior hits you with a short sword!
You die...

#########
#######
#.......#
........
##o.o)O..#
.?......
#.oooo).?#
........
#.###.@..#
........
#....+
........
#....#
........
######
........
######' #.
#. #. #.


You could see 2 orc warriors, an orc priest (wandering), 3 orcs and a friendly
two-headed ogre (berserk).

Vanquished Creatures
  Erica (D:9)
  Joseph (D:9)
  The ghost of Zigma the Changer, a novice DrTm of Qazlal (D:4)
  A queen bee (D:9)
  A hornet (D:8)
  A hippogriff (D:9)
  Sigmund (D:3)
  A wyvern (D:8)
  A human (D:8)
  Eustachio (D:4)
  Edmund (D:6)
  A hungry ghost (D:8)
  Menkaure (D:6)
  A water moccasin (D:7)
  2 soldier ants (D:8)
  3 orc warriors (D:9)
  A phantom (D:8)
  An ice beast (D:6)
  A necrophage (D:9)
  2 ogres
  A centaur (D:9)
  Blork the orc (D:6)
  3 big kobolds
  3 bullfrogs
  5 scorpions
  11 killer bees (D:9)
  5 wights (D:6)
  A howler monkey (D:5)
  2 crimson imps (D:7)
  A bullfrog zombie (D:7)
  2 centaur zombies
  2 quasits
  A centaur skeleton (D:6)
  An orc priest (D:8)
  9 hounds
  7 orc wizards
  2 bullfrog skeletons
  2 iguanas (D:8)
  4 jellies
  Terence (D:3)
  6 worker ants
  2 killer bee zombies (D:8)
  A hound zombie (D:9)
  Robin (D:3)
  3 worker ant zombies
  12 adders
  3 gnolls (D:8)
  2 shadow imps (D:6)
  An ooze (D:2)
  A worm (D:3)
  A dart slug (D:2)
  5 leopard geckos
  23 orcs
  4 ball pythons
  6 bats
  A giant cockroach (D:1)
  9 goblins
  14 hobgoblins
  13 jackals
  2 quokkas
  5 frilled lizards
  20 kobolds
  A leopard gecko skeleton (D:5)
  8 rats
232 creatures vanquished.

Vanquished Creatures (collateral kills)
  An orc (D:9)
1 creature vanquished.

Vanquished Creatures (others)
  A quokka (D:3)
1 creature vanquished.

Grand Total: 234 creatures vanquished

Notes
Turn   | Place    | Note
-------+----------+-------------------------------------------
     0 | D:1      | GsBirdie the Minotaur Berserker began the quest for the Orb.
     0 | D:1      | Reached XP level 1. HP: 19/19 MP: 0/0
    95 | D:1      | Reached skill level 4 in Axes
   460 | D:1      | Reached XP level 2. HP: 26/26 MP: 1/1
   986 | D:2      | Reached skill level 5 in Axes
   986 | D:2      | Reached XP level 3. HP: 31/31 MP: 2/2
  1070 | D:2      | Reached ** piety under Trog
  1580 | D:2      | You fall through a shaft for 2 floors!
  1602 | D:4      | Reached skill level 1 in Evocations
  1602 | D:4      | Reached XP level 4. HP: 36/39 MP: 3/3
  1618 | D:4      | Reached skill level 6 in Axes
  1663 | D:3      | Found a white marble altar of Elyvilon.
  1666 | D:3      | Noticed Sigmund
  1680 | D:3      | Killed Sigmund
  1680 | D:3      | Reached skill level 7 in Axes
  1680 | D:3      | Reached XP level 5. HP: 26/45 MP: 5/5
  1680 | D:3      | Reached XP level 6. HP: 30/51 MP: 6/6
  1910 | D:3      | Found a sacrificial altar of Ru.
  2059 | D:3      | Noticed Terence
  2072 | D:3      | Killed Terence
  2558 | D:3      | Noticed Robin
  2589 | D:3      | Killed Robin
  2590 | D:3      | Reached *** piety under Trog
  2706 | D:4      | Noticed Zigma's ghost (novice DrTm)
  2724 | D:4      | Killed Zigma's ghost
  2724 | D:4      | Reached skill level 8 in Axes
  2724 | D:4      | Reached XP level 7. HP: 38/57 MP: 8/8
  2914 | D:4      | Found a glowing silver altar of Zin.
  2914 | D:4      | Found a basalt altar of Yredelemnul.
  2919 | D:4      | Found a hide-covered altar of Uskayaw.
  2921 | D:4      | Found a sparkling altar of Nemelex Xobeh.
  2923 | D:4      | Found a hazy altar of Hepliaklqana.
  2943 | D:4      | Noticed Eustachio
  2952 | D:4      | Killed Eustachio
  2952 | D:4      | Reached skill level 9 in Axes
  3049 | D:4      | Received a gift from Trog
  3113 | D:4      | Found a staircase to the Ecumenical Temple.
  3423 | D:5      | Entered Level 5 of the Dungeon
  3780 | D:5      | Reached XP level 8. HP: 59/64 MP: 10/10
  4154 | D:5      | Reached skill level 10 in Axes
  4381 | D:6      | Found Dasapnum's Magic Scroll Shoppe.
  4409 | D:6      | Reached skill level 5 in Evocations
  4432 | D:6      | Bought a scroll of teleportation for 39 gold pieces
  4432 | D:6      | Bought a scroll of blinking for 97 gold pieces
  4432 | D:6      | Bought a scroll of identify for 26 gold pieces
  4508 | D:6      | Found Gaczux's Antique Armour Emporium.
  4643 | D:6      | Reached skill level 1 in Throwing
  4750 | D:6      | Found Wuxaler's Food Shop.
  4767 | D:6      | Noticed Blork the orc
  4782 | D:6      | Killed Blork the orc
  4782 | D:6      | Reached skill level 11 in Axes
  4891 | D:6      | Noticed Menkaure
  4894 | D:6      | Killed Menkaure
  5005 | D:6      | Noticed Edmund
  5023 | D:6      | Killed Edmund
  5425 | D:6      | Reached XP level 9. HP: 70/70 MP: 11/11
  5704 | D:7      | Reached skill level 12 in Axes
  5757 | D:7      | Reached **** piety under Trog
  6347 | D:7      | Found a deep blue altar of Sif Muna.
  6834 | D:8      | Reached skill level 13 in Axes
  7506 | D:8      | Reached skill level 5 in Throwing
  7565 | D:8      | Found a runed door.
  7795 | D:8      | Found a basalt altar of Yredelemnul.
  8093 | D:8      | Reached XP level 10. HP: 63/77 MP: 12/12
  8099 | D:8      | Reached skill level 14 in Axes
  8772 | D:9      | Noticed Joseph
  8801 | D:9      | Killed Joseph
  8876 | D:9      | Noticed Erica
  8881 | D:9      | Killed Erica
  8881 | D:9      | Reached skill level 15 in Axes
  9402 | D:9      | Reached skill level 5 in Armour
  9747 | D:9      | HP: 3/80 [orc warrior/short sword (13)]
  9753 | D:9      | Mangled by an orc warrior

Vault maps used:
D:1:      noname_arrival_rooms_in_the_neighbourhood
D:2:      minmay_door_path
D:3:      elyvilon_altar_4, serial_bayou_lagoon_a, nicolae_ru_awakened_eye,
          uniq_robin, uniq_sigmund, uniq_terence
D:4:      chequers_temple_overflow_minitemple, first_bread, eino_tiny_chamber,
          uniq_eustachio
D:6:      serial_shops, shop, shop_scrolls, shop_fountains, uniq_edmund,
          uniq_blork_the_orc, uniq_menkaure
D:7:      led_sif_pool, hangedman_decor_push
D:8:      hangedman_pestilent_swarm, dk_yredelemnul_ordeal
D:9:      special_room, uniq_grum, uniq_joseph, uniq_erica

Skill      XL: |  1  2  3  4  5  6  7  8  9 10 |
---------------+-------------------------------+-----
Axes           | 4 5 7 8 9 11 13 15 | 15.6
Evocations     | 1 2 3 4 5 |  5.2
Throwing       | 2 5 |  5.6
Armour         | 5 |  5.0
Fighting       | 4 |  4.8
Dodging        | |  2.1

Action                   |  1- 3 |  4- 6 |  7- 9 | 10-12 || total
-------------------------+-------+-------+-------+-------++-------
Melee: Hand axe          |    71 |    97 |   472 |   196 ||   836
       Headbutt          |    13 |    19 |   103 |    42 ||   177
Throw: Javelin           |       |       |     4 |     3 ||     7
Invok: Trog's Hand       |       |     1 |     2 |     6 ||     9
       Berserk           |       |     1 |     6 |     4 ||    11
       Brothers in Arms  |       |       |       |     1 ||     1
  Use: Scroll            |       |       |    10 |     2 ||    12
       Potion            |       |       |       |     4 ||     4
 Stab: Sleeping          |     3 |       |       |       ||     3
       Invisible         |       |       |       |     1 ||     1
  Eat: Chunk             |     2 |     4 |    21 |     6 ||    33
       Bread ration      |       |       |     1 |     1 ||     2
Armor: Animal skin       |     8 |       |       |       ||     8
       Ring mail         |    16 |     4 |     1 |       ||    21
       Chain mail        |       |    38 |   183 |    55 ||   276
Dodge: Dodged            |    34 |    31 |   122 |    96 ||   283
